[ PARTIDA AOE2 · #478740554 ]
Team RMPersas vs Persians
[ ANÁLISIS DE REPETICIÓN · EXTRAÍDO DE LA PARTIDA GRABADA ]
Feudal
12:32
Castillos
20:42
Imperial
35:22
| APM promedio | 35.5 |
| APM pico | 83 |
| eAPM promedio | 18.6 |
| Aldeanos / militares | 133 / 73 |
Foco
⚔️ 21.5% · 🌾 78.5%
War Elephant ×34 · Fishing Ship ×22 · Knight ×15 · Monk ×10 · Camel Scout ×9 · Scout Cavalry ×5
Feudal
12:04
Castillos
16:23
Imperial
30:05
| APM promedio | 26.3 |
| APM pico | 50 |
| eAPM promedio | 20.8 |
| Aldeanos / militares | 124 / 146 |
Foco
⚔️ 16.2% · 🌾 83.8%
War Elephant ×139 · Fishing Ship ×20 · Trebuchet (Packed) ×4 · Monk ×3
Feudal
—
Castillos
—
Imperial
—
| APM promedio | 25.8 |
| APM pico | 47 |
| eAPM promedio | 16.6 |
| Aldeanos / militares | 116 / 128 |
Foco
⚔️ 28.1% · 🌾 71.9%
Knight ×91 · Scout Cavalry ×35 · Fishing Ship ×6 · Monk ×1 · Trebuchet (Packed) ×1
Feudal
11:23
Castillos
15:54
Imperial
30:08
| APM promedio | 27.9 |
| APM pico | 51 |
| eAPM promedio | 21.4 |
| Aldeanos / militares | 186 / 68 |
Foco
⚔️ 30.8% · 🌾 69.2%
Archer ×45 · Spearman ×22 · Fishing Ship ×13 · Mangonel ×1
Feudal
15:50
Castillos
19:46
Imperial
34:41
| APM promedio | 27.9 |
| APM pico | 48 |
| eAPM promedio | 19.3 |
| Aldeanos / militares | 82 / 73 |
Foco
⚔️ 29.5% · 🌾 70.5%
Huskarl ×57 · Militia ×12 · Battering Ram ×4 · Fishing Ship ×3
Feudal
18:51
Castillos
22:27
Imperial
—
| APM promedio | 22.6 |
| APM pico | 70 |
| eAPM promedio | 13.6 |
| Aldeanos / militares | 44 / 0 |
Foco
⚔️ 27.1% · 🌾 72.9%
Feudal
14:34
Castillos
18:09
Imperial
38:21
| APM promedio | 40.0 |
| APM pico | 77 |
| eAPM promedio | 21.6 |
| Aldeanos / militares | 115 / 162 |
Foco
⚔️ 36.5% · 🌾 63.5%
Spearman ×139 · Battering Ram ×12 · Militia ×4 · Trade Cart ×4 · Monk ×3 · Mangonel ×2
Feudal
15:38
Castillos
23:42
Imperial
40:18
| APM promedio | 21.4 |
| APM pico | 41 |
| eAPM promedio | 14.9 |
| Aldeanos / militares | 123 / 25 |
Foco
⚔️ 15.5% · 🌾 84.5%
War Wagon ×23 · Iron Pagoda ×2
Mapa de la partida
Recursos iniciales + cada clic de construcción. Líneas = muros · curvas = relieve. ◆ oro · ⬟ piedra · ● bayas · ✦ reliquia · ◌ hueco del cierre
Tu base· ✓ Cerrada en 20:42 · 0t muro · sin puerta
Base de Kaben· Abierta — el rival se encerró
Base de Lu Kung Foo· Abierta — el rival se encerró
Base de ohawan12312· ✓ Cerrada en 15:54 · 0t muro · sin puerta
Base de tengshi· Abierta — el rival se encerró
Base de AutoEveryThing· ✓ Cerrada en 22:27 · 46t muro · 1 puerta(s)
Base de IkeP2· Abierta — el rival se encerró
Base de 老头· ✓ Cerrada en 23:42 · 52t muro · sin puerta
Terreno inicial suavizado · ◌ = hueco del cierre detectado · pasá el cursor para detalles
Inputs por minuto
— Expensive PC Crasher - - Kaben
Build order — Expensive PC Crasher
Primeras 150 de 348 acciones detectadas
| 0:02 | Construir | House |
| 0:05 | Construir | House |
| 0:15 | Crear | Villager (Male) |
| 0:16 | Crear | Villager (Male) |
| 0:16 | Crear | Villager (Male) |
| 0:16 | Crear | Villager (Male) |
| 0:17 | Crear | Villager (Male) |
| 1:58 | Crear | Villager (Male) |
| 1:58 | Crear | Villager (Male) |
| 2:41 | Crear | Villager (Male) |
| 2:41 | Crear | Villager (Male) |
| 2:44 | Construir | Lumber Camp |
| 3:13 | Crear | Villager (Male) |
| 3:13 | Crear | Villager (Male) |
| 3:37 | Construir | House |
| 3:56 | Crear | Villager (Male) |
| 4:15 | Crear | Villager (Male) |
| 4:45 | Crear | Villager (Male) |
| 4:58 | Construir | Dock |
| 5:08 | Crear | Villager (Male) |
| 5:21 | Construir | House |
| 5:35 | Crear | Villager (Male) |
| 5:35 | Crear | Villager (Male) |
| 5:35 | Crear | Villager (Male) |
| 5:35 | Crear | Villager (Male) |
| 5:39 | Crear | Fishing Ship |
| 6:06 | Construir | House |
| 6:13 | Crear | Fishing Ship |
| 6:39 | Crear | Villager (Male) |
| 6:39 | Crear | Villager (Male) |
| 6:43 | Crear | Fishing Ship |
| 7:38 | Crear | Villager (Male) |
| 7:47 | Construir | Mill |
| 8:09 | Crear | Villager (Male) |
| 8:23 | Crear | Fishing Ship |
| 8:27 | Crear | Villager (Male) |
| 8:34 | Construir | House |
| 8:51 | Crear | Villager (Male) |
| 8:59 | Crear | Fishing Ship |
| 9:36 | Crear | Villager (Male) |
| 9:41 | Crear | Villager (Male) |
| 9:48 | Crear | Fishing Ship |
| 10:28 | Investigar | Feudal Age |
| 11:02 | Construir | Dock |
| 11:09 | Construir | Mining Camp |
| 11:17 | Construir | Barracks |
| 12:32 | Edad | Edad Feudal |
| 12:33 | Construir | Market |
| 12:39 | Construir | Blacksmith |
| 12:47 | Construir | Stable |
| 12:50 | Crear | Fishing Ship |
| 13:00 | Crear | Villager (Male) |
| 13:01 | Crear | Villager (Male) |
| 13:03 | Construir | Fish Trap |
| 13:25 | Construir | Fish Trap |
| 13:31 | Crear | Villager (Male) |
| 13:38 | Crear | Scout Cavalry |
| 13:39 | Crear | Scout Cavalry |
| 13:41 | Construir | Fish Trap |
| 13:53 | Investigar | Forging |
| 13:56 | Crear | Scout Cavalry |
| 13:58 | Construir | Fish Trap |
| 14:00 | Crear | Villager (Male) |
| 14:04 | Investigar | Double-Bit Axe |
| 14:24 | Crear | Villager (Male) |
| 14:26 | Construir | Farm |
| 14:33 | Construir | Lumber Camp |
| 14:48 | Crear | Villager (Male) |
| 14:53 | Construir | Fish Trap |
| 15:12 | Construir | Fish Trap |
| 15:15 | Crear | Villager (Male) |
| 15:30 | Crear | Scout Cavalry |
| 15:46 | Crear | Villager (Male) |
| 15:51 | Construir | House |
| 16:05 | Construir | House |
| 16:09 | Construir | House |
| 16:10 | Construir | House |
| 16:10 | Construir | House |
| 16:14 | Crear | Villager (Male) |
| 16:15 | Crear | Villager (Male) |
| 16:20 | Crear | Fishing Ship |
| 16:30 | Crear | Scout Cavalry |
| 16:41 | Crear | Villager (Male) |
| 16:44 | Crear | Fishing Ship |
| 16:45 | Crear | Fishing Ship |
| 16:51 | Construir | Fish Trap |
| 16:56 | Crear | Fishing Ship |
| 17:04 | Construir | Fish Trap |
| 17:14 | Construir | Farm |
| 17:21 | Construir | Farm |
| 17:27 | Construir | Fish Trap |
| 17:48 | Construir | Farm |
| 18:03 | Construir | Mining Camp |
| 18:11 | Construir | Fish Trap |
| 18:14 | Construir | Fish Trap |
| 18:16 | Investigar | Castle Age |
| 18:20 | Crear | Fishing Ship |
| 19:24 | Construir | Fish Trap |
| 19:26 | Crear | Fishing Ship |
| 19:28 | Crear | Fishing Ship |
| 19:29 | Investigar | Tech 906 |
| 19:33 | Construir | Farm |
| 19:33 | Construir | Farm |
| 19:36 | Investigar | Horse Collar |
| 20:09 | Construir | Fish Trap |
| 20:18 | Construir | Fish Trap |
| 20:42 | Edad | Edad de los Castillos |
| 20:44 | Construir | Town Center |
| 21:14 | Crear | Villager (Male) ×5 |
| 21:37 | Construir | Town Center |
| 21:48 | Crear | Villager (Male) |
| 21:49 | Crear | Villager (Male) |
| 21:53 | Crear | Knight |
| 22:10 | Crear | Knight |
| 22:14 | Investigar | Scale Barding Armor |
| 22:22 | Crear | Villager (Male) |
| 22:22 | Crear | Villager (Male) |
| 22:28 | Crear | Villager (Male) |
| 22:44 | Crear | Knight |
| 22:54 | Construir | Town Center |
| 22:57 | Construir | Stable |
| 23:05 | Crear | Villager (Male) |
| 23:07 | Crear | Villager (Male) |
| 23:11 | Investigar | Gillnets |
| 23:19 | Investigar | Light Cavalry (upgrade) |
| 23:20 | Investigar | Bloodlines |
| 23:34 | Crear | Knight |
| 23:37 | Crear | Villager (Male) |
| 23:38 | Crear | Villager (Male) |
| 23:38 | Crear | Villager (Male) |
| 23:44 | Crear | Villager (Male) |
| 23:47 | Investigar | Gold Mining |
| 23:52 | Crear | Fishing Ship |
| 23:53 | Crear | Fishing Ship |
| 24:01 | Crear | Knight |
| 24:01 | Crear | Knight |
| 24:02 | Crear | Villager (Male) |
| 24:02 | Crear | Villager (Male) |
| 24:37 | Crear | Knight |
| 24:42 | Crear | Villager (Male) |
| 24:43 | Crear | Villager (Male) |
| 24:53 | Crear | Camel Scout |
| 24:55 | Crear | Villager (Male) |
| 25:06 | Crear | Villager (Male) |
| 25:06 | Crear | Villager (Male) |
| 25:22 | Crear | Camel Scout |
| 25:24 | Crear | Villager (Male) |
| 25:38 | Crear | Knight |
| 25:38 | Crear | Camel Scout |
| 25:39 | Crear | Villager (Male) |
Build order — Kaben
Primeras 150 de 403 acciones detectadas
| 0:02 | Crear | Villager (Male) |
| 0:03 | Construir | House |
| 0:05 | Construir | House |
| 0:33 | Crear | Villager (Male) |
| 0:33 | Crear | Villager (Male) |
| 0:33 | Crear | Villager (Male) |
| 0:34 | Crear | Villager (Male) |
| 0:34 | Crear | Villager (Male) |
| 1:34 | Crear | Villager (Male) |
| 1:34 | Crear | Villager (Male) |
| 1:55 | Construir | Lumber Camp |
| 2:17 | Crear | Villager (Male) |
| 2:18 | Crear | Villager (Male) |
| 2:18 | Crear | Villager (Male) |
| 2:55 | Crear | Villager (Male) |
| 2:55 | Crear | Villager (Male) |
| 3:03 | Crear | Villager (Male) |
| 3:03 | Crear | Villager (Male) |
| 3:12 | Construir | House |
| 3:43 | Crear | Villager (Male) |
| 3:43 | Crear | Villager (Male) |
| 3:56 | Crear | Villager (Male) |
| 3:56 | Crear | Villager (Male) |
| 4:52 | Crear | Villager (Male) |
| 4:53 | Crear | Villager (Male) |
| 4:53 | Crear | Villager (Male) |
| 5:07 | Construir | Dock |
| 5:20 | Crear | Villager (Male) |
| 5:20 | Crear | Villager (Male) |
| 5:24 | Construir | House |
| 5:56 | Crear | Villager (Male) |
| 5:56 | Crear | Villager (Male) |
| 5:56 | Crear | Villager (Male) |
| 5:57 | Crear | Villager (Male) |
| 6:03 | Crear | Fishing Ship |
| 6:13 | Construir | Mill |
| 6:46 | Crear | Fishing Ship |
| 6:53 | Crear | Villager (Male) |
| 6:53 | Crear | Villager (Male) |
| 6:53 | Crear | Villager (Male) |
| 6:54 | Crear | Villager (Male) |
| 7:07 | Construir | House |
| 7:08 | Investigar | Loom |
| 7:30 | Crear | Fishing Ship |
| 7:37 | Crear | Villager (Male) |
| 7:53 | Crear | Villager (Male) |
| 8:02 | Crear | Fishing Ship |
| 8:06 | Construir | House |
| 8:48 | Crear | Villager (Male) |
| 8:49 | Crear | Villager (Male) |
| 9:15 | Construir | Mining Camp |
| 9:36 | Crear | Villager (Male) |
| 9:37 | Investigar | Feudal Age |
| 9:58 | Crear | Fishing Ship |
| 11:09 | Crear | Villager (Male) |
| 11:15 | Construir | House |
| 11:47 | Crear | Villager (Male) |
| 12:04 | Edad | Edad Feudal |
| 12:06 | Construir | Market |
| 12:16 | Construir | Fish Trap |
| 12:18 | Crear | Villager (Male) |
| 12:23 | Construir | Fish Trap |
| 12:43 | Construir | Blacksmith |
| 12:46 | Crear | Villager (Male) |
| 13:09 | Construir | Mining Camp |
| 13:31 | Crear | Villager (Male) |
| 13:46 | Investigar | Castle Age |
| 13:58 | Investigar | Horse Collar |
| 14:01 | Investigar | Double-Bit Axe |
| 14:06 | Construir | House |
| 14:27 | Construir | Fish Trap |
| 14:35 | Construir | Fish Trap |
| 15:14 | Construir | Fish Trap |
| 15:16 | Crear | Villager (Male) |
| 15:56 | Crear | Villager (Male) |
| 16:23 | Edad | Edad de los Castillos |
| 16:25 | Construir | Town Center |
| 16:36 | Construir | Town Center |
| 16:39 | Crear | Villager (Male) |
| 16:47 | Construir | Monastery |
| 16:59 | Crear | Villager (Male) |
| 17:12 | Crear | Fishing Ship |
| 17:14 | Crear | Fishing Ship |
| 17:35 | Crear | Monk |
| 18:03 | Construir | Fish Trap |
| 18:06 | Crear | Villager (Male) |
| 18:07 | Crear | Villager (Male) |
| 18:15 | Construir | House |
| 18:21 | Crear | Villager (Male) |
| 18:21 | Crear | Villager (Male) |
| 18:29 | Construir | Fish Trap |
| 18:36 | Construir | Town Center |
| 18:39 | Crear | Monk |
| 18:57 | Crear | Villager (Male) |
| 18:57 | Crear | Villager (Male) |
| 18:57 | Crear | Villager (Male) |
| 19:05 | Construir | Farm |
| 19:07 | Investigar | Heavy Plow |
| 19:09 | Construir | Farm |
| 19:10 | Construir | Farm |
| 19:18 | Crear | Fishing Ship |
| 19:24 | Crear | Villager (Male) |
| 19:32 | Construir | Farm |
| 19:35 | Construir | Farm |
| 19:44 | Crear | Villager (Male) |
| 19:45 | Crear | Villager (Male) |
| 19:46 | Crear | Villager (Male) |
| 19:46 | Crear | Villager (Male) |
| 19:46 | Crear | Villager (Male) |
| 19:53 | Crear | Monk |
| 20:07 | Construir | Fish Trap |
| 20:11 | Crear | Fishing Ship |
| 20:17 | Construir | Dock |
| 20:20 | Crear | Villager (Male) |
| 20:22 | Crear | Villager (Male) |
| 20:22 | Crear | Villager (Male) |
| 20:23 | Crear | Villager (Male) |
| 20:23 | Crear | Villager (Male) |
| 20:24 | Crear | Villager (Male) |
| 20:32 | Construir | Farm |
| 20:36 | Crear | Villager (Male) |
| 20:42 | Construir | Farm |
| 20:42 | Construir | Farm |
| 20:42 | Construir | Farm |
| 20:43 | Construir | Farm |
| 20:43 | Construir | Farm |
| 20:43 | Construir | Farm |
| 20:44 | Construir | Farm |
| 20:44 | Construir | Farm |
| 20:44 | Construir | Farm |
| 20:44 | Construir | Farm |
| 20:53 | Construir | House |
| 20:57 | Construir | Fish Trap |
| 21:00 | Crear | Villager (Male) |
| 21:00 | Crear | Villager (Male) |
| 21:00 | Crear | Villager (Male) |
| 21:07 | Crear | Villager (Male) |
| 21:07 | Crear | Villager (Male) |
| 21:30 | Construir | Farm |
| 21:31 | Construir | Farm |
| 21:34 | Crear | Fishing Ship |
| 21:34 | Crear | Fishing Ship |
| 21:46 | Construir | House |
| 21:46 | Construir | House |
| 21:51 | Crear | Villager (Male) |
| 21:52 | Crear | Villager (Male) |
| 21:52 | Crear | Villager (Male) |
| 21:52 | Crear | Villager (Male) |
| 21:52 | Crear | Villager (Male) |
| 21:58 | Construir | Lumber Camp |
Build order — Lu Kung Foo
Primeras 150 de 332 acciones detectadas
| 0:02 | Crear | Villager (Male) |
| 0:02 | Crear | Villager (Male) |
| 0:05 | Construir | House |
| 0:07 | Construir | House |
| 0:11 | Crear | Villager (Male) |
| 0:11 | Crear | Villager (Male) |
| 1:48 | Crear | Villager (Male) |
| 2:07 | Crear | Villager (Male) |
| 2:27 | Construir | Lumber Camp |
| 2:30 | Crear | Villager (Male) |
| 2:32 | Crear | Villager (Male) |
| 2:45 | Construir | Lumber Camp |
| 3:02 | Crear | Villager (Male) |
| 3:19 | Crear | Villager (Male) |
| 3:40 | Crear | Villager (Male) |
| 3:54 | Construir | House |
| 4:12 | Crear | Villager (Male) |
| 4:42 | Investigar | Loom |
| 5:10 | Construir | Dock |
| 5:13 | Crear | Villager (Male) |
| 5:22 | Construir | House |
| 6:01 | Crear | Fishing Ship |
| 6:02 | Crear | Villager (Male) |
| 6:30 | Crear | Villager (Male) |
| 6:48 | Crear | Fishing Ship |
| 7:00 | Crear | Villager (Male) |
| 7:00 | Crear | Villager (Male) |
| 7:09 | Construir | House |
| 7:12 | Crear | Villager (Male) |
| 8:02 | Crear | Villager (Male) |
| 8:14 | Crear | Villager (Male) |
| 8:25 | Investigar | Feudal Age |
| 8:53 | Crear | Fishing Ship |
| 9:55 | Construir | Barracks |
| 10:21 | Crear | Villager (Male) |
| 10:22 | Crear | Villager (Male) |
| 11:00 | Construir | Stable |
| 11:02 | Construir | House |
| 11:06 | Investigar | Double-Bit Axe |
| 11:07 | Crear | Villager (Male) |
| 11:29 | Crear | Villager (Male) |
| 11:42 | Crear | Scout Cavalry |
| 11:42 | Crear | Scout Cavalry |
| 11:43 | Crear | Scout Cavalry |
| 11:51 | Construir | Mining Camp |
| 12:10 | Crear | Villager (Male) |
| 12:17 | Crear | Villager (Male) |
| 12:26 | Crear | Scout Cavalry |
| 12:27 | Crear | Scout Cavalry |
| 12:37 | Construir | Blacksmith |
| 13:06 | Construir | Fish Trap |
| 13:17 | Construir | House |
| 13:18 | Crear | Villager (Male) |
| 13:28 | Construir | Fish Trap |
| 13:45 | Construir | House |
| 13:46 | Construir | House |
| 14:05 | Construir | Mill |
| 14:06 | Crear | Villager (Male) |
| 14:34 | Crear | Villager (Male) |
| 14:42 | Construir | Fish Trap |
| 14:49 | Crear | Villager (Male) |
| 15:01 | Construir | Mill |
| 15:11 | Crear | Fishing Ship |
| 15:30 | Investigar | Castle Age |
| 15:58 | Construir | Fish Trap |
| 16:01 | Crear | Fishing Ship |
| 16:28 | Investigar | Horse Collar |
| 16:32 | Investigar | Gold Mining |
| 17:02 | Construir | Fish Trap |
| 17:14 | Investigar | Scale Barding Armor |
| 17:20 | Investigar | Bloodlines |
| 17:42 | Construir | Lumber Camp |
| 17:47 | Crear | Fishing Ship |
| 18:04 | Crear | Villager (Male) |
| 18:31 | Crear | Villager (Male) |
| 18:35 | Construir | Fish Trap |
| 18:46 | Crear | Villager (Male) |
| 19:15 | Construir | Town Center |
| 19:18 | Crear | Villager (Male) |
| 19:24 | Investigar | Light Cavalry (upgrade) |
| 19:31 | Crear | Villager (Male) |
| 19:33 | Investigar | Heavy Plow |
| 19:38 | Investigar | Bow Saw |
| 19:56 | Crear | Villager (Male) |
| 20:11 | Crear | Knight |
| 20:19 | Construir | House |
| 20:21 | Construir | Farm |
| 20:21 | Construir | Farm |
| 20:21 | Construir | Farm |
| 20:22 | Construir | Farm |
| 20:22 | Construir | Farm |
| 20:34 | Crear | Villager (Male) |
| 20:43 | Crear | Villager (Male) |
| 20:43 | Crear | Villager (Male) |
| 20:53 | Construir | Farm |
| 20:53 | Construir | Farm |
| 20:53 | Construir | Farm |
| 20:54 | Construir | Farm |
| 20:54 | Construir | Farm |
| 20:54 | Construir | Farm |
| 21:02 | Crear | Knight |
| 21:02 | Crear | Knight |
| 21:10 | Construir | Farm |
| 21:10 | Construir | Farm |
| 21:20 | Construir | Farm |
| 21:22 | Construir | Farm |
| 21:25 | Crear | Villager (Male) |
| 21:49 | Crear | Villager (Male) |
| 21:49 | Crear | Villager (Male) |
| 22:02 | Crear | Villager (Male) |
| 22:02 | Crear | Villager (Male) |
| 22:04 | Construir | Farm |
| 22:09 | Construir | Farm |
| 22:09 | Construir | Farm |
| 22:09 | Construir | Farm |
| 22:09 | Construir | Farm |
| 22:10 | Construir | Farm |
| 22:10 | Construir | Farm |
| 22:10 | Construir | Farm |
| 22:11 | Construir | Farm |
| 22:27 | Crear | Knight |
| 22:27 | Crear | Knight |
| 22:27 | Crear | Knight |
| 22:35 | Construir | House |
| 22:52 | Investigar | Wheelbarrow |
| 23:01 | Construir | Farm |
| 23:01 | Construir | Farm |
| 23:01 | Construir | Farm |
| 23:02 | Construir | Farm |
| 23:02 | Construir | Farm |
| 23:03 | Crear | Villager (Male) |
| 23:03 | Crear | Villager (Male) |
| 23:11 | Crear | Knight |
| 23:21 | Crear | Villager (Male) |
| 23:21 | Crear | Villager (Male) |
| 23:27 | Construir | House |
| 23:28 | Construir | House |
| 23:28 | Construir | House |
| 23:28 | Construir | House |
| 23:38 | Investigar | Husbandry |
| 23:44 | Construir | Stable |
| 24:14 | Investigar | Chain Barding Armor |
| 24:33 | Crear | Villager (Male) |
| 24:33 | Crear | Villager (Male) |
| 24:34 | Crear | Villager (Male) |
| 24:34 | Crear | Villager (Male) |
| 24:54 | Crear | Villager (Male) |
| 24:54 | Crear | Villager (Male) |
| 25:02 | Construir | Town Center |
| 25:16 | Crear | Villager (Male) |
Build order — ohawan12312
Primeras 150 de 438 acciones detectadas
| 0:03 | Crear | Villager (Male) |
| 0:03 | Crear | Villager (Male) |
| 0:03 | Crear | Villager (Male) |
| 0:03 | Crear | Villager (Male) |
| 0:05 | Construir | House |
| 0:07 | Construir | House |
| 1:24 | Crear | Villager (Male) |
| 1:39 | Crear | Villager (Male) |
| 1:39 | Crear | Villager (Male) |
| 2:02 | Crear | Villager (Male) |
| 2:11 | Construir | Lumber Camp |
| 2:41 | Crear | Villager (Male) |
| 2:41 | Crear | Villager (Male) |
| 2:56 | Crear | Villager (Male) |
| 2:57 | Crear | Villager (Male) |
| 3:09 | Crear | Villager (Male) |
| 3:10 | Crear | Villager (Male) |
| 3:17 | Construir | House |
| 3:39 | Crear | Villager (Male) |
| 3:39 | Crear | Villager (Male) |
| 4:01 | Crear | Villager (Male) |
| 4:01 | Crear | Villager (Male) |
| 4:03 | Crear | Villager (Male) |
| 4:03 | Crear | Villager (Male) |
| 4:49 | Crear | Villager (Male) |
| 4:49 | Crear | Villager (Male) |
| 5:07 | Construir | Mill |
| 5:11 | Crear | Villager (Male) |
| 5:11 | Crear | Villager (Male) |
| 5:24 | Crear | Villager (Male) |
| 5:33 | Construir | House |
| 5:34 | Crear | Villager (Male) |
| 5:51 | Crear | Villager (Male) |
| 6:09 | Crear | Villager (Male) |
| 6:09 | Crear | Villager (Male) |
| 6:31 | Construir | Lumber Camp |
| 6:32 | Crear | Villager (Male) |
| 6:43 | Crear | Villager (Male) |
| 6:44 | Crear | Villager (Male) |
| 6:46 | Crear | Villager (Male) |
| 6:46 | Crear | Villager (Male) |
| 7:09 | Crear | Villager (Male) |
| 7:09 | Crear | Villager (Male) |
| 7:19 | Crear | Villager (Male) |
| 7:19 | Crear | Villager (Male) |
| 7:34 | Crear | Villager (Male) |
| 7:34 | Crear | Villager (Male) |
| 7:42 | Construir | House |
| 7:44 | Crear | Villager (Male) |
| 8:12 | Construir | Mill |
| 8:12 | Crear | Villager (Male) |
| 8:15 | Crear | Villager (Male) |
| 8:15 | Crear | Villager (Male) |
| 8:19 | Crear | Villager (Male) |
| 8:19 | Crear | Villager (Male) |
| 8:28 | Crear | Villager (Male) |
| 8:57 | Construir | Mining Camp |
| 9:06 | Investigar | Feudal Age |
| 9:29 | Construir | Farm |
| 9:32 | Construir | Farm |
| 9:35 | Construir | Farm |
| 10:04 | Construir | Farm |
| 11:08 | Crear | Villager (Male) |
| 11:08 | Crear | Villager (Male) |
| 11:23 | Edad | Edad Feudal |
| 11:29 | Construir | Blacksmith |
| 11:33 | Construir | Market |
| 11:57 | Construir | House |
| 12:14 | Investigar | Loom |
| 12:31 | Construir | Barracks |
| 13:14 | Investigar | Castle Age |
| 13:34 | Construir | Dock |
| 13:47 | Investigar | Horse Collar |
| 13:49 | Investigar | Double-Bit Axe |
| 13:53 | Construir | Farm |
| 14:25 | Construir | House |
| 14:26 | Crear | Fishing Ship |
| 14:45 | Investigar | Tech 906 |
| 15:08 | Construir | House |
| 15:10 | Crear | Fishing Ship |
| 15:18 | Construir | Farm |
| 15:30 | Crear | Villager (Male) |
| 15:42 | Construir | House |
| 15:43 | Crear | Fishing Ship |
| 15:54 | Edad | Edad de los Castillos |
| 16:04 | Construir | Farm |
| 16:06 | Construir | Farm |
| 16:08 | Crear | Villager (Male) |
| 16:10 | Investigar | Bow Saw |
| 16:15 | Construir | House |
| 16:24 | Crear | Villager (Male) |
| 16:36 | Investigar | Wheelbarrow |
| 16:48 | Construir | Town Center |
| 16:55 | Construir | House |
| 17:02 | Crear | Fishing Ship |
| 17:31 | Construir | House |
| 17:36 | Crear | Villager (Male) |
| 17:53 | Construir | Town Center |
| 17:58 | Crear | Villager (Male) |
| 18:01 | Construir | House |
| 18:04 | Crear | Fishing Ship |
| 18:17 | Construir | Fish Trap |
| 18:24 | Construir | Fish Trap |
| 18:27 | Crear | Villager (Male) |
| 18:29 | Crear | Villager (Male) |
| 18:30 | Crear | Villager (Male) |
| 18:35 | Crear | Fishing Ship |
| 18:41 | Construir | House |
| 18:48 | Crear | Fishing Ship |
| 18:49 | Crear | Villager (Male) |
| 18:49 | Crear | Villager (Male) |
| 18:49 | Crear | Villager (Male) |
| 18:59 | Construir | Farm |
| 19:06 | Crear | Villager (Male) |
| 19:14 | Construir | House |
| 19:21 | Construir | Farm |
| 19:40 | Construir | Fish Trap |
| 19:45 | Construir | House |
| 19:46 | Crear | Villager (Male) |
| 19:47 | Crear | Villager (Male) |
| 19:52 | Construir | Farm |
| 19:55 | Crear | Villager (Male) |
| 19:56 | Crear | Villager (Male) |
| 19:56 | Crear | Villager (Male) |
| 20:02 | Construir | Farm |
| 20:07 | Construir | Farm |
| 20:09 | Crear | Villager (Male) |
| 20:10 | Crear | Villager (Male) |
| 20:10 | Crear | Villager (Male) |
| 20:12 | Crear | Villager (Male) |
| 20:17 | Construir | House |
| 20:28 | Construir | Gate |
| 20:32 | Construir | Stone Wall |
| 20:36 | Crear | Villager (Male) |
| 20:36 | Crear | Villager (Male) |
| 20:37 | Crear | Villager (Male) |
| 20:44 | Construir | Farm |
| 20:47 | Construir | Farm |
| 20:50 | Construir | House |
| 20:53 | Crear | Villager (Male) |
| 21:01 | Construir | Farm |
| 21:03 | Construir | Farm |
| 21:04 | Crear | Villager (Male) |
| 21:04 | Crear | Villager (Male) |
| 21:20 | Construir | Siege Workshop |
| 21:24 | Construir | House |
| 21:30 | Crear | Villager (Male) |
| 21:31 | Crear | Villager (Male) |
| 21:38 | Construir | Fish Trap |
| 21:42 | Crear | Villager (Male) |
Build order — tengshi
Primeras 150 de 307 acciones detectadas
| 0:02 | Crear | Villager (Male) |
| 0:03 | Crear | Villager (Male) |
| 0:04 | Construir | House |
| 0:24 | Crear | Villager (Male) |
| 0:24 | Crear | Villager (Male) |
| 0:31 | Construir | Barracks |
| 1:37 | Crear | Villager (Male) |
| 1:37 | Crear | Villager (Male) |
| 2:04 | Construir | House |
| 2:23 | Crear | Villager (Male) |
| 2:24 | Crear | Villager (Male) |
| 2:37 | Crear | Villager (Male) |
| 2:37 | Crear | Villager (Male) |
| 2:59 | Crear | Villager (Male) |
| 2:59 | Crear | Villager (Male) |
| 3:19 | Crear | Villager (Male) |
| 3:24 | Crear | Militia |
| 3:33 | Construir | House |
| 3:37 | Crear | Villager (Male) |
| 3:37 | Crear | Villager (Male) |
| 3:37 | Crear | Villager (Male) |
| 3:52 | Crear | Militia |
| 3:55 | Crear | Villager (Male) |
| 3:55 | Crear | Villager (Male) |
| 4:11 | Crear | Militia |
| 4:11 | Crear | Militia |
| 4:28 | Construir | House |
| 4:40 | Crear | Villager (Male) |
| 5:00 | Crear | Villager (Male) |
| 5:00 | Crear | Villager (Male) |
| 5:17 | Crear | Militia |
| 5:34 | Crear | Villager (Male) |
| 5:34 | Crear | Villager (Male) |
| 5:51 | Construir | House |
| 6:02 | Crear | Villager (Male) |
| 6:03 | Crear | Villager (Male) |
| 6:10 | Crear | Militia |
| 6:21 | Crear | Villager (Male) |
| 6:21 | Crear | Villager (Male) |
| 6:39 | Crear | Villager (Male) |
| 6:39 | Crear | Villager (Male) |
| 6:39 | Crear | Villager (Male) |
| 7:08 | Crear | Villager (Male) |
| 7:22 | Crear | Villager (Male) |
| 7:22 | Crear | Villager (Male) |
| 7:27 | Crear | Militia |
| 7:48 | Crear | Villager (Male) |
| 7:55 | Construir | Mining Camp |
| 8:07 | Construir | Lumber Camp |
| 8:19 | Crear | Villager (Male) |
| 8:20 | Crear | Militia |
| 8:47 | Crear | Villager (Male) |
| 8:58 | Construir | Mill |
| 9:07 | Crear | Militia |
| 9:07 | Crear | Militia |
| 9:08 | Crear | Villager (Male) |
| 9:14 | Construir | House |
| 9:30 | Investigar | Loom |
| 9:37 | Crear | Militia |
| 9:50 | Construir | House |
| 9:59 | Crear | Militia |
| 10:07 | Crear | Villager (Male) |
| 10:21 | Crear | Villager (Male) |
| 10:42 | Crear | Villager (Male) |
| 10:56 | Crear | Villager (Male) |
| 11:00 | Construir | Mill |
| 11:08 | Construir | Farm |
| 11:46 | Construir | Mill |
| 11:48 | Crear | Villager (Male) |
| 13:00 | Construir | Mining Camp |
| 13:20 | Construir | Palisade Wall |
| 13:26 | Construir | Palisade Wall |
| 13:40 | Investigar | Feudal Age |
| 13:40 | Investigar | Feudal Age |
| 13:56 | Construir | Farm |
| 13:59 | Construir | Farm |
| 14:14 | Construir | Palisade Wall |
| 14:16 | Construir | Farm |
| 15:01 | Crear | Villager (Male) |
| 15:02 | Crear | Villager (Male) |
| 15:50 | Edad | Edad Feudal |
| 15:55 | Investigar | Town Watch |
| 16:05 | Construir | Market |
| 16:15 | Construir | Blacksmith |
| 17:06 | Investigar | Castle Age |
| 17:06 | Investigar | Castle Age |
| 17:06 | Investigar | Castle Age |
| 17:19 | Construir | House |
| 17:20 | Investigar | Double-Bit Axe |
| 17:22 | Construir | House |
| 17:31 | Investigar | Gold Mining |
| 17:31 | Investigar | Gold Mining |
| 18:29 | Investigar | Horse Collar |
| 18:41 | Construir | Outpost |
| 19:31 | Investigar | Wheelbarrow |
| 19:46 | Edad | Edad de los Castillos |
| 19:48 | Construir | Castle |
| 20:13 | Construir | Dock |
| 20:20 | Construir | Dock |
| 20:50 | Crear | Villager (Male) |
| 20:51 | Crear | Huskarl |
| 20:52 | Crear | Huskarl |
| 20:57 | Construir | Farm |
| 20:57 | Construir | Farm |
| 20:58 | Construir | Farm |
| 20:58 | Construir | Farm |
| 21:03 | Construir | Farm |
| 21:30 | Crear | Huskarl |
| 21:36 | Construir | Farm |
| 21:40 | Construir | Mining Camp |
| 21:41 | Crear | Villager (Male) |
| 21:42 | Crear | Huskarl |
| 21:48 | Investigar | Man-at-Arms (upgrade) |
| 21:49 | Investigar | Man-at-Arms (upgrade) |
| 21:50 | Investigar | Scale Mail Armor |
| 21:50 | Investigar | Scale Mail Armor |
| 22:07 | Crear | Villager (Male) |
| 22:13 | Construir | Farm |
| 22:13 | Construir | Farm |
| 22:13 | Construir | Farm |
| 22:14 | Construir | Farm |
| 22:14 | Construir | Farm |
| 22:14 | Construir | Farm |
| 22:40 | Crear | Villager (Male) |
| 22:56 | Construir | Siege Workshop |
| 23:06 | Crear | Villager (Male) |
| 23:13 | Construir | Farm |
| 23:15 | Crear | Villager (Male) |
| 23:48 | Crear | Battering Ram |
| 23:48 | Crear | Battering Ram |
| 23:49 | Crear | Villager (Male) |
| 23:50 | Crear | Huskarl |
| 23:50 | Crear | Huskarl |
| 23:51 | Crear | Huskarl |
| 24:03 | Crear | Villager (Male) |
| 24:12 | Crear | Battering Ram |
| 24:20 | Crear | Huskarl |
| 24:31 | Investigar | Chain Mail Armor |
| 24:31 | Investigar | Chain Mail Armor |
| 24:49 | Crear | Villager (Male) |
| 24:50 | Crear | Huskarl |
| 24:52 | Crear | Huskarl |
| 25:01 | Crear | Battering Ram |
| 25:15 | Crear | Villager (Male) |
| 25:17 | Crear | Huskarl |
| 25:17 | Crear | Huskarl |
| 25:28 | Crear | Fishing Ship |
| 25:30 | Crear | Fishing Ship |
| 25:32 | Construir | Farm |
| 25:34 | Crear | Huskarl |
Build order — AutoEveryThing
96 acciones detectadas en el replay
| 0:01 | Crear | Villager (Male) |
| 0:02 | Construir | House |
| 0:03 | Construir | House |
| 0:16 | Crear | Villager (Male) |
| 0:16 | Crear | Villager (Male) |
| 0:25 | Crear | Villager (Male) |
| 1:34 | Crear | Villager (Male) |
| 1:54 | Investigar | Loom |
| 2:33 | Crear | Villager (Male) |
| 2:52 | Construir | Palisade Wall |
| 3:19 | Crear | Villager (Male) |
| 3:20 | Crear | Villager (Male) |
| 3:42 | Crear | Villager (Male) |
| 3:47 | Construir | Lumber Camp |
| 4:26 | Crear | Villager (Male) |
| 5:17 | Crear | Villager (Male) |
| 5:18 | Crear | Villager (Male) |
| 5:18 | Crear | Villager (Male) |
| 5:21 | Construir | Palisade Wall |
| 6:09 | Crear | Villager (Male) |
| 6:21 | Crear | Villager (Male) |
| 6:31 | Construir | House |
| 6:44 | Crear | Villager (Male) |
| 7:21 | Crear | Villager (Male) ×3 |
| 7:56 | Crear | Villager (Male) |
| 8:13 | Construir | Palisade Wall |
| 8:40 | Construir | Mill |
| 8:42 | Crear | Villager (Male) |
| 9:09 | Construir | House |
| 9:31 | Construir | Palisade Wall |
| 9:44 | Crear | Villager (Male) |
| 10:33 | Construir | Palisade Wall |
| 10:39 | Construir | Palisade Wall |
| 10:51 | Construir | Palisade Wall |
| 10:52 | Crear | Villager (Male) ×5 |
| 12:27 | Construir | Town Center |
| 13:02 | Crear | Villager (Male) |
| 13:02 | Crear | Villager (Male) |
| 13:05 | Construir | House |
| 13:08 | Construir | House |
| 13:53 | Construir | Palisade Gate |
| 14:02 | Crear | Villager (Male) |
| 14:17 | Construir | Palisade Wall |
| 14:19 | Crear | Villager (Male) |
| 14:24 | Construir | Farm |
| 14:26 | Construir | Farm |
| 14:30 | Construir | Farm |
| 14:45 | Crear | Villager (Male) |
| 14:58 | Construir | Mill |
| 15:04 | Crear | Villager (Male) |
| 15:41 | Construir | Mill |
| 15:49 | Crear | Villager (Male) |
| 16:00 | Construir | House |
| 16:16 | Crear | Villager (Male) |
| 16:41 | Investigar | Feudal Age |
| 17:26 | Construir | Mining Camp |
| 17:31 | Construir | Mining Camp |
| 18:01 | Construir | Farm |
| 18:02 | Construir | Farm |
| 18:02 | Construir | Farm |
| 18:02 | Construir | Farm |
| 18:02 | Construir | Farm |
| 18:03 | Construir | Farm |
| 18:03 | Construir | Farm |
| 18:40 | Crear | Villager (Male) |
| 18:41 | Crear | Villager (Male) |
| 18:51 | Edad | Edad Feudal |
| 18:54 | Construir | Market |
| 19:09 | Construir | Blacksmith |
| 19:15 | Construir | Blacksmith |
| 19:21 | Crear | Villager (Male) |
| 19:47 | Investigar | Castle Age |
| 19:47 | Investigar | Castle Age |
| 20:40 | Construir | Stone Wall |
| 20:52 | Construir | Stone Wall |
| 20:53 | Construir | Stone Wall |
| 21:13 | Construir | Gate |
| 21:34 | Construir | Watch Tower |
| 21:43 | Crear | Villager (Male) ×5 |
| 21:45 | Construir | Stone Wall |
| 22:20 | Construir | Stone Wall |
| 22:23 | Crear | Villager (Male) |
| 22:27 | Edad | Edad de los Castillos |
| 22:30 | Construir | House |
| 22:41 | Construir | Lumber Camp |
| 23:35 | Construir | House |
| 24:14 | Construir | University |
| 24:37 | Investigar | Fletching |
| 24:38 | Investigar | Fletching |
| 24:49 | Construir | Watch Tower |
| 25:22 | Investigar | Bodkin Arrow |
| 25:23 | Investigar | Bodkin Arrow |
| 25:35 | Construir | Stone Wall |
| 25:43 | Construir | Stone Wall |
| 25:56 | Investigar | Guard Tower (upgrade) |
| 25:56 | Investigar | Guard Tower (upgrade) |
Build order — IkeP2
Primeras 150 de 341 acciones detectadas
| 0:01 | Crear | Villager (Male) |
| 0:03 | Construir | House |
| 0:06 | Investigar | Loom |
| 0:06 | Crear | Villager (Male) ×3 |
| 1:52 | Crear | Villager (Male) |
| 1:52 | Crear | Villager (Male) |
| 2:30 | Construir | House |
| 2:36 | Construir | House |
| 2:53 | Crear | Villager (Male) |
| 2:53 | Crear | Villager (Male) |
| 3:28 | Construir | House |
| 3:30 | Crear | Villager (Male) |
| 3:30 | Crear | Villager (Male) |
| 3:57 | Crear | Villager (Male) |
| 3:57 | Crear | Villager (Male) |
| 4:08 | Construir | Lumber Camp |
| 4:18 | Construir | Lumber Camp |
| 4:27 | Crear | Villager (Male) |
| 4:27 | Crear | Villager (Male) |
| 4:53 | Crear | Villager (Male) |
| 4:54 | Crear | Villager (Male) |
| 5:16 | Crear | Villager (Male) |
| 5:16 | Crear | Villager (Male) |
| 5:49 | Crear | Villager (Male) |
| 5:49 | Crear | Villager (Male) |
| 6:17 | Crear | Villager (Male) |
| 6:39 | Crear | Villager (Male) |
| 6:53 | Construir | Barracks |
| 7:01 | Construir | Palisade Wall |
| 7:04 | Construir | Palisade Wall |
| 7:05 | Construir | Palisade Wall |
| 7:09 | Construir | Palisade Wall |
| 7:25 | Construir | Palisade Wall |
| 7:26 | Crear | Villager (Male) |
| 7:28 | Construir | Palisade Wall |
| 7:38 | Construir | Palisade Wall |
| 7:46 | Crear | Villager (Male) |
| 8:14 | Crear | Villager (Male) |
| 8:21 | Crear | Villager (Male) |
| 8:25 | Construir | Palisade Wall |
| 8:31 | Crear | Villager (Male) |
| 8:34 | Crear | Militia |
| 8:34 | Crear | Militia |
| 8:34 | Crear | Militia |
| 8:34 | Crear | Militia |
| 8:37 | Construir | House |
| 9:17 | Crear | Villager (Male) |
| 9:48 | Crear | Villager (Male) |
| 9:51 | Construir | Mill |
| 10:01 | Construir | Mill |
| 10:41 | Crear | Villager (Male) |
| 10:41 | Crear | Villager (Male) |
| 10:43 | Crear | Villager (Male) |
| 10:43 | Crear | Villager (Male) |
| 11:12 | Construir | House |
| 11:16 | Crear | Villager (Male) |
| 11:54 | Crear | Villager (Male) |
| 12:06 | Construir | Mining Camp |
| 12:24 | Investigar | Feudal Age |
| 12:25 | Investigar | Feudal Age |
| 14:13 | Crear | Villager (Male) |
| 14:13 | Crear | Villager (Male) |
| 14:34 | Edad | Edad Feudal |
| 14:36 | Construir | Market |
| 14:45 | Construir | Blacksmith |
| 15:29 | Investigar | Castle Age |
| 15:29 | Investigar | Castle Age |
| 15:59 | Investigar | Double-Bit Axe |
| 15:59 | Investigar | Double-Bit Axe |
| 16:17 | Construir | House |
| 17:09 | Investigar | Horse Collar |
| 17:32 | Investigar | Horse Collar |
| 18:04 | Crear | Villager (Male) |
| 18:05 | Crear | Villager (Male) |
| 18:09 | Edad | Edad de los Castillos |
| 18:13 | Construir | Siege Workshop |
| 18:34 | Construir | Farm |
| 18:34 | Construir | Farm |
| 18:35 | Construir | Farm |
| 18:35 | Construir | Farm |
| 18:35 | Construir | Farm |
| 18:35 | Construir | Farm |
| 18:38 | Crear | Villager (Male) |
| 19:00 | Crear | Mangonel |
| 19:14 | Construir | Palisade Wall |
| 19:25 | Crear | Villager (Male) |
| 19:30 | Construir | Farm |
| 19:38 | Crear | Villager (Male) |
| 19:44 | Investigar | Bow Saw |
| 19:49 | Construir | House |
| 20:26 | Crear | Villager (Male) |
| 20:26 | Crear | Villager (Male) |
| 20:29 | Crear | Mangonel |
| 20:45 | Crear | Villager (Male) |
| 21:12 | Construir | Palisade Gate |
| 21:48 | Construir | Palisade Wall |
| 21:58 | Crear | Villager (Male) |
| 21:58 | Crear | Villager (Male) |
| 22:04 | Construir | House |
| 22:19 | Construir | Town Center |
| 22:26 | Investigar | Wheelbarrow |
| 22:31 | Construir | Farm |
| 22:32 | Construir | Farm |
| 22:36 | Construir | Farm |
| 22:36 | Construir | Farm |
| 22:36 | Construir | Farm |
| 22:37 | Construir | Farm |
| 22:37 | Construir | Farm |
| 22:37 | Construir | Farm |
| 22:37 | Construir | Farm |
| 22:40 | Crear | Villager (Male) |
| 23:40 | Crear | Villager (Male) |
| 23:40 | Crear | Villager (Male) |
| 23:42 | Crear | Villager (Male) |
| 23:42 | Crear | Villager (Male) |
| 24:15 | Crear | Villager (Male) |
| 24:15 | Crear | Villager (Male) |
| 24:31 | Crear | Villager (Male) ×2 |
| 24:37 | Construir | Mill |
| 24:37 | Construir | Farm |
| 24:38 | Construir | Farm |
| 24:38 | Construir | Farm |
| 24:38 | Construir | Farm |
| 24:38 | Construir | Farm |
| 24:38 | Construir | Farm |
| 24:38 | Construir | Farm |
| 24:38 | Construir | Farm |
| 24:39 | Construir | Farm |
| 24:43 | Construir | Farm |
| 24:46 | Construir | House |
| 24:54 | Investigar | Pikeman (upgrade) |
| 25:09 | Crear | Spearman ×3 |
| 25:21 | Construir | Farm |
| 25:26 | Construir | House |
| 25:32 | Crear | Villager (Male) |
| 25:33 | Crear | Villager (Male) |
| 25:41 | Crear | Spearman |
| 25:41 | Crear | Spearman |
| 25:41 | Crear | Spearman |
| 25:42 | Crear | Spearman |
| 25:42 | Crear | Spearman |
| 25:51 | Crear | Villager (Male) |
| 25:54 | Crear | Battering Ram |
| 26:08 | Crear | Villager (Male) |
| 26:11 | Crear | Spearman |
| 26:11 | Crear | Spearman |
| 26:11 | Crear | Spearman |
| 26:12 | Crear | Spearman |
| 26:12 | Crear | Spearman |
| 26:12 | Crear | Spearman |
Build order — 老头
Primeras 150 de 273 acciones detectadas
| 0:03 | Construir | House |
| 0:05 | Construir | House |
| 0:06 | Crear | Villager (Male) |
| 0:06 | Crear | Villager (Male) |
| 0:07 | Crear | Villager (Male) |
| 0:42 | Crear | Villager (Male) |
| 0:42 | Crear | Villager (Male) |
| 1:38 | Crear | Villager (Male) |
| 1:59 | Investigar | Loom |
| 2:16 | Construir | House |
| 2:33 | Crear | Villager (Male) |
| 2:34 | Crear | Villager (Male) |
| 2:34 | Crear | Villager (Male) |
| 2:46 | Construir | Palisade Wall |
| 3:16 | Construir | Palisade Wall |
| 3:24 | Construir | Lumber Camp |
| 3:32 | Crear | Villager (Male) |
| 3:33 | Crear | Villager (Male) |
| 3:33 | Crear | Villager (Male) |
| 4:01 | Crear | Villager (Male) |
| 4:01 | Crear | Villager (Male) |
| 4:37 | Crear | Villager (Male) |
| 4:37 | Crear | Villager (Male) |
| 5:00 | Crear | Villager (Male) |
| 5:00 | Crear | Villager (Male) |
| 5:11 | Construir | House |
| 5:33 | Crear | Villager (Male) |
| 5:33 | Crear | Villager (Male) |
| 6:22 | Construir | House |
| 6:43 | Crear | Villager (Male) |
| 6:44 | Crear | Villager (Male) |
| 6:47 | Construir | Mill |
| 7:24 | Crear | Villager (Male) |
| 7:25 | Crear | Villager (Male) |
| 7:25 | Crear | Villager (Male) |
| 7:25 | Crear | Villager (Male) |
| 7:59 | Construir | Palisade Wall |
| 8:48 | Crear | Villager (Male) |
| 9:10 | Construir | Lumber Camp |
| 9:19 | Crear | Villager (Male) |
| 9:33 | Crear | Villager (Male) |
| 9:52 | Crear | Villager (Male) |
| 10:12 | Construir | Palisade Wall |
| 10:37 | Construir | House |
| 10:43 | Construir | Palisade Wall |
| 10:49 | Crear | Villager (Male) |
| 10:49 | Crear | Villager (Male) |
| 10:56 | Construir | House |
| 11:04 | Crear | Villager (Male) |
| 11:13 | Construir | Palisade Wall |
| 11:16 | Construir | Palisade Wall |
| 11:17 | Construir | Palisade Wall |
| 11:18 | Construir | Palisade Wall |
| 11:20 | Crear | Villager (Male) |
| 11:35 | Construir | Farm |
| 11:44 | Construir | Mill |
| 12:04 | Construir | Palisade Wall |
| 12:31 | Construir | Palisade Wall |
| 12:41 | Construir | Mining Camp |
| 12:56 | Construir | House |
| 13:14 | Construir | Mining Camp |
| 13:24 | Investigar | Feudal Age |
| 13:34 | Construir | Palisade Wall |
| 13:44 | Construir | Palisade Wall |
| 13:49 | Construir | Palisade Wall |
| 14:07 | Construir | Palisade Wall |
| 14:11 | Construir | Palisade Wall |
| 14:15 | Construir | Palisade Wall |
| 14:22 | Construir | Palisade Wall |
| 14:23 | Construir | Palisade Wall |
| 14:30 | Construir | Lumber Camp |
| 14:39 | Crear | Villager (Male) |
| 15:08 | Construir | Farm |
| 15:14 | Construir | Farm |
| 15:38 | Edad | Edad Feudal |
| 15:42 | Construir | House |
| 15:55 | Crear | Villager (Male) |
| 15:55 | Crear | Villager (Male) |
| 16:00 | Construir | House |
| 16:12 | Construir | Watch Tower |
| 16:15 | Crear | Villager (Male) |
| 16:21 | Construir | Farm |
| 16:26 | Crear | Villager (Male) |
| 16:39 | Construir | Palisade Wall |
| 16:40 | Construir | Palisade Wall |
| 16:42 | Construir | Palisade Wall |
| 16:55 | Crear | Villager (Male) |
| 17:11 | Crear | Villager (Male) |
| 17:13 | Construir | Farm |
| 17:16 | Construir | Farm |
| 17:31 | Construir | Farm |
| 17:35 | Investigar | Double-Bit Axe |
| 17:46 | Investigar | Horse Collar |
| 18:00 | Crear | Villager (Male) |
| 18:07 | Construir | Farm |
| 18:54 | Crear | Villager (Male) |
| 19:03 | Construir | Blacksmith |
| 19:15 | Crear | Villager (Male) |
| 19:40 | Construir | Market |
| 19:45 | Crear | Villager (Male) |
| 19:58 | Construir | Farm |
| 20:18 | Crear | Villager (Male) |
| 20:33 | Construir | Stone Wall |
| 20:37 | Construir | Stone Wall |
| 20:48 | Construir | Stone Wall |
| 21:02 | Investigar | Castle Age |
| 22:16 | Construir | Stone Wall |
| 22:37 | Construir | Stone Wall |
| 23:23 | Construir | House |
| 23:31 | Crear | Villager (Male) |
| 23:42 | Edad | Edad de los Castillos |
| 23:46 | Construir | Castle |
| 23:56 | Construir | Town Center |
| 24:00 | Crear | Villager (Male) |
| 24:01 | Crear | Villager (Male) |
| 24:24 | Construir | House |
| 24:52 | Crear | Villager (Male) |
| 24:54 | Crear | War Wagon |
| 24:54 | Crear | War Wagon |
| 24:58 | Crear | Villager (Male) |
| 25:06 | Crear | Villager (Male) |
| 25:08 | Construir | Farm |
| 25:19 | Construir | Town Center |
| 25:21 | Crear | Villager (Male) |
| 25:24 | Construir | Farm |
| 25:26 | Crear | Villager (Male) |
| 25:28 | Crear | War Wagon |
| 25:33 | Crear | War Wagon |
| 25:43 | Crear | War Wagon |
| 25:53 | Construir | Farm |
| 26:00 | Construir | Blacksmith |
| 26:12 | Crear | War Wagon |
| 26:16 | Crear | Villager (Male) |
| 26:18 | Construir | Farm |
| 26:21 | Construir | Farm |
| 26:29 | Crear | War Wagon |
| 26:42 | Crear | Villager (Male) |
| 26:47 | Crear | Villager (Male) |
| 26:56 | Crear | Villager (Male) |
| 27:03 | Investigar | Fletching |
| 27:10 | Crear | Villager (Male) |
| 27:12 | Crear | Villager (Male) |
| 27:14 | Crear | Villager (Male) |
| 27:17 | Construir | Farm |
| 27:20 | Crear | War Wagon |
| 27:42 | Crear | War Wagon |
| 27:49 | Construir | Farm |
| 27:52 | Construir | Farm |
| 27:53 | Crear | Villager (Male) |
| 27:56 | Crear | Villager (Male) |
Cronología de la partida
| 0:31 | tengshi · first_building Barracks |
| 2:46 | 老头 · wall_segment Palisade Wall x7 |
| 2:52 | AutoEveryThing · wall_segment Palisade Wall x13 |
| 3:16 | 老头 · wall_segment Palisade Wall x1 |
| 4:58 | Expensive PC Crasher · first_building Dock |
| 5:07 | Kaben · first_building Dock |
| 5:10 | Lu Kung Foo · first_building Dock |
| 5:21 | AutoEveryThing · wall_segment Palisade Wall x1 |
| 6:53 | IkeP2 · first_building Barracks |
| 7:01 | IkeP2 · wall_segment Palisade Wall x1 |
| 7:04 | IkeP2 · wall_segment Palisade Wall x1 |
| 7:05 | IkeP2 · wall_segment Palisade Wall x1 |
| 7:09 | IkeP2 · wall_segment Palisade Wall x1 |
| 7:25 | IkeP2 · wall_segment Palisade Wall x1 |
| 7:28 | IkeP2 · wall_segment Palisade Wall x1 |
| 7:38 | IkeP2 · wall_segment Palisade Wall x1 |
| 7:59 | 老头 · wall_segment Palisade Wall x9 |
| 8:13 | AutoEveryThing · wall_segment Palisade Wall x2 |
| 8:25 | IkeP2 · wall_segment Palisade Wall x1 |
| 9:31 | AutoEveryThing · wall_segment Palisade Wall x3 |
| 9:55 | Lu Kung Foo · first_building Barracks |
| 10:12 | 老头 · wall_segment Palisade Wall x7 |
| 10:33 | AutoEveryThing · wall_segment Palisade Wall x2 |
| 10:39 | AutoEveryThing · wall_segment Palisade Wall x1 |
| 10:43 | 老头 · wall_segment Palisade Wall x5 |
| 10:51 | AutoEveryThing · wall_segment Palisade Wall x13 |
| 11:00 | Lu Kung Foo · first_building Stable |
| 11:13 | 老头 · wall_segment Palisade Wall x1 |
| 11:16 | 老头 · wall_segment Palisade Wall x1 |
| 11:17 | 老头 · wall_segment Palisade Wall x1 |
| 11:17 | Expensive PC Crasher · first_building Barracks |
| 11:18 | 老头 · wall_segment Palisade Wall x1 |
| 11:23 | ohawan12312 · age_up feudal |
| 12:04 | Kaben · age_up feudal |
| 12:04 | 老头 · wall_segment Palisade Wall x1 |
| 12:31 | ohawan12312 · first_building Barracks |
| 12:31 | 老头 · wall_segment Palisade Wall x1 |
| 12:32 | Expensive PC Crasher · age_up feudal |
| 12:47 | Expensive PC Crasher · first_building Stable |
| 13:20 | tengshi · wall_segment Palisade Wall x9 |
| 13:26 | tengshi · wall_segment Palisade Wall x6 |
| 13:34 | 老头 · wall_segment Palisade Wall x1 |
| 13:34 | ohawan12312 · first_building Dock |
| 13:44 | 老头 · wall_segment Palisade Wall x1 |
| 13:49 | 老头 · wall_segment Palisade Wall x1 |
| 14:07 | 老头 · wall_segment Palisade Wall x1 |
| 14:11 | 老头 · wall_segment Palisade Wall x1 |
| 14:14 | tengshi · wall_segment Palisade Wall x1 |
| 14:15 | 老头 · wall_segment Palisade Wall x1 |
| 14:17 | AutoEveryThing · wall_segment Palisade Wall x1 |
| 14:22 | 老头 · wall_segment Palisade Wall x1 |
| 14:23 | 老头 · wall_segment Palisade Wall x1 |
| 14:34 | IkeP2 · age_up feudal |
| 15:38 | 老头 · age_up feudal |
| 15:50 | tengshi · age_up feudal |
| 15:54 | ohawan12312 · age_up castle |
| 16:23 | Kaben · age_up castle |
| 16:39 | 老头 · wall_segment Palisade Wall x1 |
| 16:40 | 老头 · wall_segment Palisade Wall x1 |
| 16:42 | 老头 · wall_segment Palisade Wall x1 |
| 16:47 | Kaben · first_building Monastery |
| 17:37 | Expensive PC Crasher · first_market_sell 100 wood |
| 17:38 | Expensive PC Crasher · first_market_buy 100 food |
| 18:09 | IkeP2 · age_up castle |
| 18:13 | IkeP2 · first_building Siege Workshop |
| 18:51 | AutoEveryThing · age_up feudal |
| 19:14 | IkeP2 · wall_segment Palisade Wall x2 |
| 19:46 | tengshi · age_up castle |
| 19:48 | tengshi · first_building Castle |
| 20:13 | tengshi · first_building Dock |
| 20:32 | ohawan12312 · wall_segment Stone Wall x5 |
| 20:33 | 老头 · wall_segment Stone Wall x3 |
| 20:37 | 老头 · wall_segment Stone Wall x6 |
| 20:40 | AutoEveryThing · wall_segment Stone Wall x9 |
| 20:42 | Expensive PC Crasher · age_up castle |
| 20:48 | 老头 · wall_segment Stone Wall x1 |
| 20:52 | AutoEveryThing · wall_segment Stone Wall x13 |
| 20:53 | AutoEveryThing · wall_segment Stone Wall x1 |
| 20:56 | 老头 · first_market_buy 100 food |
| 20:59 | 老头 · first_market_sell 100 wood |
| 21:20 | ohawan12312 · first_building Siege Workshop |
| 21:29 | tengshi · first_market_buy 100 food |
| 21:33 | tengshi · first_market_sell 100 stone |
| 21:45 | AutoEveryThing · wall_segment Stone Wall x1 |
| 21:48 | IkeP2 · wall_segment Palisade Wall x3 |
| 22:16 | 老头 · wall_segment Stone Wall x2 |
| 22:20 | AutoEveryThing · wall_segment Stone Wall x6 |
| 22:27 | AutoEveryThing · age_up castle |
| 22:37 | 老头 · wall_segment Stone Wall x6 |
| 22:56 | tengshi · first_building Siege Workshop |
| 23:42 | 老头 · age_up castle |
| 23:46 | 老头 · first_building Castle |
| 24:05 | ohawan12312 · first_building Castle |
| 25:35 | AutoEveryThing · wall_segment Stone Wall x5 |
| 25:43 | AutoEveryThing · wall_segment Stone Wall x1 |
| 25:48 | ohawan12312 · first_building Archery Range |
| 26:19 | Expensive PC Crasher · first_building Castle |
| 26:41 | Kaben · first_building Castle |
| 27:11 | IkeP2 · first_building Monastery |
| 28:47 | Kaben · first_building Barracks |
| 29:10 | Lu Kung Foo · first_building Monastery |
| 29:22 | Kaben · first_building Stable |
| 30:05 | Kaben · age_up imperial |
| 30:08 | ohawan12312 · age_up imperial |
| 32:01 | ohawan12312 · wall_segment Stone Wall x4 |
| 32:03 | ohawan12312 · wall_segment Stone Wall x3 |
| 32:27 | ohawan12312 · first_market_sell 100 food |
| 32:52 | 老头 · wall_segment Stone Wall x6 |
| 33:05 | 老头 · first_building Siege Workshop |
| 33:22 | Expensive PC Crasher · first_building Monastery |
| 34:41 | tengshi · age_up imperial |
| 34:59 | IkeP2 · first_market_sell 100 wood |
| 35:22 | Expensive PC Crasher · age_up imperial |
| 36:22 | Lu Kung Foo · first_building Castle |
| 36:33 | Expensive PC Crasher · wall_segment Stone Wall x19 |
| 37:18 | 老头 · first_building Barracks |
| 38:21 | IkeP2 · age_up imperial |
| 38:25 | Lu Kung Foo · first_market_sell 100 food |
| 40:10 | 老头 · first_building Archery Range |
| 40:18 | 老头 · age_up imperial |
| 40:28 | 老头 · resign |
[ ANÁLISIS IA · 1 CRÉDITO ]
¿Qué pasó realmente en esta partida?
Wolo.gg analiza cada decisión: build order, eco, micro, errores típicos por bracket. Análisis personalizado por WhatsApp o Discord en 30 segundos.
Guía civ
Persas
Guía mapa
Black Forest
Perfil
Expensive PC Crasher